TOP OF THE 1ST |
Kansas City Royals batting - Pitching for Detroit Tigers : LHP Momosuke Sato
|
Pitching: LHP Momosuke Sato
|
|
Batting: RHB Matt Belgard
|
0-0: Foul Ball, location: 2F 0-1: Ground out 6-3 (Groundball, 6, EV 84.4 MPH)
|
Batting: RHB Imbart Faber
|
0-0: Ball 1-0: Called Strike 1-1: Called Strike 1-2: Foul Ball, location: 2F 1-2: Strikes out swinging
|
Batting: LHB Mike Meyerhoff
|
0-0: Called Strike 0-1: Called Strike 0-2: SINGLE (Groundball, 25, EV 71.9 MPH) (infield hit)
|
Batting: RHB Mike Jaquez
|
0-0: Ball 1-0: DOUBLE (Line Drive, 7LS, EV 103.1 MPH) Mike Meyerhoff to third Runner from 3rd tries for Home, throw by LF and OUT! 7-6-2
|
Top of the 1st over - 0 runs, 2 hits, 0 errors, 1 left on base; Kansas City 0 - Detroit 0 |
BOTTOM OF THE 1ST |
Detroit Tigers batting - Pitching for Kansas City Royals : LHP John Brooks
|
Pitching: LHP John Brooks
|
|
Batting: RHB Dave Reynolds
|
0-0: Fly out, F2 (Popup, 3SF, EV 83.1 MPH)
|
Batting: RHB Ryan Neal
|
0-0: Ball 1-0: Ball 2-0: Ground out 6-3 (Groundball, 6S, EV 73.1 MPH)
|
Batting: RHB Chris Wheatley
|
0-0: Ball 1-0: Ball 2-0: Foul Ball, location: 2F 2-1: TRIPLE (Flyball, 78XD, EV 96.2 MPH)
|
Batting: LHB Morgan Black
|
0-0: Ball 1-0: Called Strike 1-1: Ball 2-1: Ball 3-1: Ground out 4-3 (Groundball, 4S, EV 84.4 MPH)
|
Bottom of the 1st over - 0 runs, 1 hit, 0 errors, 1 left on base; Kansas City 0 - Detroit 0 |
TOP OF THE 2ND |
Kansas City Royals batting - Pitching for Detroit Tigers : LHP Momosuke Sato
|
Batting: LHB Roman Downey
|
0-0: Ball 1-0: Swinging Strike 1-1: Ball 2-1: Ball 3-1: Called Strike 3-2: Base on Balls
|
Batting: SHB Gil Switzer
|
0-0: Called Strike 0-1: Called Strike 0-2: Ball 1-2: Strikes out looking
|
Batting: RHB Adam Martin
|
0-0: Ball 1-0: Ball 2-0: Ball 3-0: Called Strike 3-1: Foul Ball, location: 2F 3-2: Base on Balls Roman Downey to second
|
Batting: SHB Jose Pacheco
|
0-0: Ball 1-0: Fly out, F5 (Line Drive, 5, EV 76.2 MPH)
|
Batting: LHB Pete Hansel
|
0-0: Fly out, F7 (Flyball, 78M, EV 76.2 MPH)
|
Top of the 2nd over - 0 runs, 0 hits, 0 errors, 2 left on base; Kansas City 0 - Detroit 0 |
BOTTOM OF THE 2ND |
Detroit Tigers batting - Pitching for Kansas City Royals : LHP John Brooks
|
Batting: RHB Greg Harman
|
0-0: Called Strike 0-1: Swinging Strike 0-2: Foul Ball, location: 2F 0-2: Strikes out swinging
|
Batting: RHB Jerry Jauregui
|
0-0: Ball 1-0: Called Strike 1-1: Ground out 6-3 (Groundball, 6, EV 99.4 MPH)
|
Batting: RHB Victor Quinones
|
0-0: Called Strike 0-1: Fly out, F9 (Flyball, 9, EV 81.2 MPH)
|
Bottom of the 2nd over - 0 runs, 0 hits, 0 errors, 0 left on base; Kansas City 0 - Detroit 0 |
TOP OF THE 3RD |
Kansas City Royals batting - Pitching for Detroit Tigers : LHP Momosuke Sato
|
Batting: RHB Matt Belgard
|
0-0: Ball 1-0: Ball 2-0: Called Strike 2-1: Foul Ball, location: 2F 2-2: SINGLE (Groundball, 6MS, EV 72.5 MPH) (infield hit)
|
Batting: RHB Imbart Faber
|
0-0: Called Strike 0-1: Ball Passed Ball! Matt Belgard to second 1-1: Ball 2-1: Foul Ball, location: 2F 2-2: SINGLE (Line Drive, 9LS, EV 100.0 MPH) Matt Belgard to third Runner from 3rd tries for Home, throw by RF and OUT! 9-2 Imbart Faber to second
|
Batting: LHB Mike Meyerhoff
|
0-0: Foul Ball, location: 2F 0-1: Foul Ball, location: 2F 0-2: Foul Ball, location: 2F 0-2: Ball 1-2: Ball 2-2: Ball 3-2: Foul Ball, location: 2F 3-2: Ground out 6-3 (Groundball, 4MD, EV 96.9 MPH) Imbart Faber to third
|
Batting: RHB Mike Jaquez
|
0-0: Ball 1-0: Ball 2-0: Called Strike 2-1: Ground out 4-3 (Groundball, P, EV 82.5 MPH)
|
Top of the 3rd over - 0 runs, 2 hits, 0 errors, 1 left on base; Kansas City 0 - Detroit 0 |
BOTTOM OF THE 3RD |
Detroit Tigers batting - Pitching for Kansas City Royals : LHP John Brooks
|
Batting: RHB Luke Feeney
|
0-0: Fly out, F3 (Line Drive, 3L, EV 71.9 MPH)
|
Batting: RHB Andres Leon
|
0-0: Called Strike 0-1: Ball 1-1: Ball 2-1: Reached via error on a dropped throw from SS, E3 (Groundball, 6, EV 85.6 MPH)
|
Batting: RHB Dave Reynolds
|
0-0: Ball Andres Leon steals 2nd base 1-0: Fly out, F8 (Flyball, 8LD, EV 102.5 MPH) Runner from 2nd tags up, SAFE at 3rd with throw by CF
|
Batting: RHB Ryan Neal
|
0-0: Ball 1-0: Ball 2-0: Called Strike 2-1: SINGLE (Line Drive, 34D, EV 95.6 MPH) Andres Leon scores
|
Batting: RHB Chris Wheatley
|
0-0: Foul Ball, location: 2F 0-1: Fielders Choice at 2nd, 6-4 (Groundball, 56, EV 83.8 MPH)
|
Bottom of the 3rd over - 1 run, 1 hit, 1 error, 1 left on base; Kansas City 0 - Detroit 1 |
TOP OF THE 4TH |
Kansas City Royals batting - Pitching for Detroit Tigers : LHP Momosuke Sato
|
Batting: LHB Roman Downey
|
0-0: Foul Ball, location: 2F 0-1: Called Strike 0-2: Foul Ball, location: 2F 0-2: Ball 1-2: Ball 2-2: Ball 3-2: Fly out, F8 (Flyball, 8LXD, EV 96.2 MPH)
|
Batting: SHB Gil Switzer
|
0-0: Ball 1-0: Swinging Strike 1-1: Called Strike 1-2: Ball 2-2: SINGLE (Groundball, 6D, EV 106.2 MPH)
|
Batting: RHB Adam Martin
|
0-0: Ball 1-0: Foul Ball, location: 2F 1-1: Ball 2-1: Ball 3-1: Base on Balls Gil Switzer to second
|
Batting: SHB Jose Pacheco
|
0-0: Ball 1-0: Foul Ball, location: 2F 1-1: DOUBLE (Groundball, 5L, EV 101.9 MPH) Gil Switzer scores Adam Martin to third Runner from 3rd tries for Home, SAFE, throw by LF to home
|
Batting: LHB Pete Hansel
|
0-0: Called Strike 0-1: Ball 1-1: Foul Ball, location: 2F 1-2: Ground out 5-3 (Groundball, 5, EV 86.2 MPH)
|
Batting: RHB Matt Belgard
|
0-0: DOUBLE (Flyball, 8RXD, EV 95.6 MPH) Jose Pacheco scores
|
Batting: RHB Imbart Faber
|
0-0: Called Strike 0-1: Ball 1-1: Called Strike 1-2: Ball 2-2: Strikes out swinging
|
Top of the 4th over - 3 runs, 3 hits, 0 errors, 1 left on base; Kansas City 3 - Detroit 1 |
BOTTOM OF THE 4TH |
Detroit Tigers batting - Pitching for Kansas City Royals : LHP John Brooks
|
Batting: LHB Morgan Black
|
0-0: Ground out 6-3 (Groundball, 6, EV 80.0 MPH)
|
Batting: RHB Greg Harman
|
0-0: Ball 1-0: Fly out, F8 (Flyball, 8LS, EV 82.5 MPH)
|
Batting: RHB Jerry Jauregui
|
0-0: Ball 1-0: Ball 2-0: Foul Ball, location: 2F 2-1: Ball 3-1: Called Strike 3-2: Fly out, F8 (Flyball, 8LD, EV 95.6 MPH)
|
Bottom of the 4th over - 0 runs, 0 hits, 0 errors, 0 left on base; Kansas City 3 - Detroit 1 |
TOP OF THE 5TH |
Kansas City Royals batting - Pitching for Detroit Tigers : LHP Momosuke Sato
|
Batting: LHB Mike Meyerhoff
|
0-0: Foul Ball, location: 2F 0-1: Ball 1-1: Fly out, F7 (Flyball, 7S, EV 85.6 MPH)
|
Batting: RHB Mike Jaquez
|
0-0: Called Strike 0-1: Ball 1-1: Swinging Strike 1-2: Strikes out looking
|
Batting: LHB Roman Downey
|
0-0: Called Strike 0-1: Ball 1-1: Called Strike 1-2: Strikes out looking
|
Top of the 5th over - 0 runs, 0 hits, 0 errors, 0 left on base; Kansas City 3 - Detroit 1 |
BOTTOM OF THE 5TH |
Detroit Tigers batting - Pitching for Kansas City Royals : LHP John Brooks
|
Batting: RHB Victor Quinones
|
0-0: Called Strike 0-1: Ball 1-1: Ball 2-1: Ball 3-1: Swinging Strike 3-2: Strikes out swinging
|
Batting: RHB Luke Feeney
|
0-0: Foul Ball, location: 2F 0-1: Foul Ball, location: 2F 0-2: Ball 1-2: Ground out 6-3 (Groundball, 6MS, EV 63.1 MPH)
|
Batting: RHB Andres Leon
|
0-0: Ball 1-0: Foul Ball, location: 2F 1-1: Swinging Strike 1-2: Strikes out swinging
|
Bottom of the 5th over - 0 runs, 0 hits, 0 errors, 0 left on base; Kansas City 3 - Detroit 1 |
TOP OF THE 6TH |
Kansas City Royals batting - Pitching for Detroit Tigers : LHP Momosuke Sato
|
Batting: SHB Gil Switzer
|
0-0: Ball 1-0: Foul Ball, location: 2F 1-1: Foul Ball, location: 2F 1-2: Fly out, F8 (Flyball, 78XD, EV 104.4 MPH)
|
Batting: RHB Adam Martin
|
0-0: Ball 1-0: Ball 2-0: Fly out, F2 (Popup, 25F, EV 85.0 MPH)
|
DELAY
|
Rain delay of 63 minutes in the 6th inning.
|
Pitching: RHP Wayne McAllister
|
|
Batting: SHB Jose Pacheco
|
0-0: Ball 1-0: Called Strike 1-1: Called Strike 1-2: Strikes out swinging
|
Top of the 6th over - 0 runs, 0 hits, 0 errors, 0 left on base; Kansas City 3 - Detroit 1 |
BOTTOM OF THE 6TH |
Detroit Tigers batting - Pitching for Kansas City Royals : LHP John Brooks
|
Batting: RHB Dave Reynolds
|
0-0: Swinging Strike 0-1: Swinging Strike 0-2: SOLO HOME RUN (Flyball, 78XD, EV 103.8 MPH), Distance : 414 ft
|
Batting: RHB Ryan Neal
|
0-0: Foul Ball, location: 2F 0-1: Ground out 4-3 (Groundball, 4, EV 82.5 MPH)
|
Batting: RHB Chris Wheatley
|
0-0: Ball 1-0: Ball 2-0: Ball 3-0: Base on Balls
|
Batting: LHB Morgan Black
|
0-0: Ball 1-0: Foul Ball, location: 2F 1-1: Called Strike 1-2: Foul Ball, location: 2F 1-2: Fielders Choice at 2nd, 1-4 (Groundball, 25, EV 69.4 MPH)
|
Batting: RHB Greg Harman
|
0-0: Called Strike 0-1: Foul Ball, location: 2F 0-2: Ball 1-2: Ball 2-2: Strikes out looking
|
Bottom of the 6th over - 1 run, 1 hit, 0 errors, 1 left on base; Kansas City 3 - Detroit 2 |
TOP OF THE 7TH |
Kansas City Royals batting - Pitching for Detroit Tigers : RHP Wayne McAllister
|
Batting: LHB Pete Hansel
|
0-0: Ball 1-0: Called Strike 1-1: Fly out, F7 (Flyball, 7, EV 88.8 MPH)
|
Batting: RHB Matt Belgard
|
0-0: Swinging Strike 0-1: Called Strike 0-2: Strikes out looking
|
Batting: RHB Imbart Faber
|
0-0: Foul Ball, location: 2F 0-1: Foul Ball, location: 2F 0-2: Foul Ball, location: 2F 0-2: Ball 1-2: Ball 2-2: Foul Ball, location: 2F 2-2: Ball 3-2: Strikes out swinging
|
Top of the 7th over - 0 runs, 0 hits, 0 errors, 0 left on base; Kansas City 3 - Detroit 2 |
BOTTOM OF THE 7TH |
Detroit Tigers batting - Pitching for Kansas City Royals : LHP John Brooks
|
Batting: RHB Jerry Jauregui
|
0-0: Ground out 5-3 (Groundball, 5, EV 100.6 MPH)
|
Batting: RHB Victor Quinones
|
0-0: Ball 1-0: Called Strike 1-1: Ball 2-1: SINGLE (Line Drive, 8LS, EV 100.0 MPH)
|
Batting: RHB Luke Feeney
|
0-0: Called Strike 0-1: Ball 1-1: Swinging Strike 1-2: Strikes out looking
|
Batting: RHB Andres Leon
|
0-0: Ball 1-0: Ball 2-0: Foul Ball, location: 2F 2-1: Swinging Strike 2-2: Ball 3-2: Base on Balls Victor Quinones to second
|
Pitching: RHP Joe Noonan
|
|
Batting: RHB Dave Reynolds
|
0-0: Called Strike 0-1: Ball 1-1: Ball 2-1: Swinging Strike 2-2: Strikes out swinging
|
Bottom of the 7th over - 0 runs, 1 hit, 0 errors, 2 left on base; Kansas City 3 - Detroit 2 |
TOP OF THE 8TH |
Kansas City Royals batting - Pitching for Detroit Tigers : RHP Wayne McAllister
|
Pitching: RHP Joe Bradford
|
|
Batting: LHB Mike Meyerhoff
|
0-0: Ball 1-0: Ball 2-0: Ball 3-0: Base on Balls
|
Batting: RHB Mike Jaquez
|
0-0: Foul Ball, location: 2F 0-1: SINGLE (Line Drive, 78XD, EV 100.6 MPH) Mike Meyerhoff to second
|
Batting: LHB Roman Downey
|
0-0: Ball 1-0: Ball 2-0: 3-RUN HOME RUN (Flyball, 7D, EV 99.4 MPH), Distance : 397 ft
|
Batting: SHB Gil Switzer
|
0-0: Ball 1-0: Foul Ball, location: 2F 1-1: Swinging Strike 1-2: Foul Ball, location: 2F 1-2: Fly out, F5 (Popup, 5F, EV 65.6 MPH)
|
Batting: RHB Adam Martin
|
0-0: Ball 1-0: Called Strike 1-1: Ball 2-1: Ball 3-1: SINGLE (Line Drive, 78S, EV 101.9 MPH)
|
Batting: SHB Jose Pacheco
|
0-0: Called Strike 0-1: Foul Ball, location: 2F 0-2: Grounds out, U3 (Groundball, 3L, EV 103.1 MPH)
|
Batting: LHB Pete Hansel
|
0-0: Ground out 2-3 (Groundball, 2L, EV 70.6 MPH)
|
Top of the 8th over - 3 runs, 3 hits, 0 errors, 1 left on base; Kansas City 6 - Detroit 2 |
BOTTOM OF THE 8TH |
Detroit Tigers batting - Pitching for Kansas City Royals : RHP Joe Noonan
|
Batting: RHB Ryan Neal
|
0-0: Foul Ball, location: 2F 0-1: Foul Ball, location: 2F 0-2: Ball 1-2: Ground out 1-3 (Groundball, 34S, EV 66.2 MPH)
|
Batting: RHB Chris Wheatley
|
0-0: Hit by Pitch
|
Batting: LHB Morgan Black
|
0-0: Ball 1-0: Called Strike 1-1: Ball 2-1: Foul Ball, location: 2F 2-2: Ball 3-2: Strikes out swinging Chris Wheatley is caught stealing 2nd base 2-6 Batter strikes out.
|
Bottom of the 8th over - 0 runs, 0 hits, 0 errors, 0 left on base; Kansas City 6 - Detroit 2 |
TOP OF THE 9TH |
Kansas City Royals batting - Pitching for Detroit Tigers : RHP Joe Bradford
|
Pitching: RHP Tim Bemish
|
|
Batting: RHB Matt Belgard
|
0-0: Called Strike 0-1: Called Strike 0-2: Foul Ball, location: 2F 0-2: Ground out 6-3 (Groundball, 6, EV 77.5 MPH)
|
Batting: RHB Imbart Faber
|
0-0: Ball 1-0: Swinging Strike 1-1: Foul Ball, location: 2F 1-2: Ball 2-2: Foul Ball, location: 2F 2-2: Strikes out swinging
|
Batting: LHB Mike Meyerhoff
|
0-0: Foul Ball, location: 2F 0-1: Ball 1-1: Ball 2-1: Swinging Strike 2-2: Ball 3-2: Strikes out swinging
|
Top of the 9th over - 0 runs, 0 hits, 0 errors, 0 left on base; Kansas City 6 - Detroit 2 |
BOTTOM OF THE 9TH |
Detroit Tigers batting - Pitching for Kansas City Royals : RHP Joe Noonan
|
Batting: RHB Greg Harman
|
0-0: Ball 1-0: Ball 2-0: Ball 3-0: Base on Balls
|
Batting: RHB Jerry Jauregui
|
0-0: Called Strike 0-1: Grounds into double play, 5-4-3 (Groundball, 5L, EV 86.2 MPH)
|
Batting: RHB Victor Quinones
|
0-0: Ground out 6-3 (Groundball, 6MS, EV 86.9 MPH)
|
Bottom of the 9th over - 0 runs, 0 hits, 0 errors, 0 left on base; Kansas City 6 - Detroit 2 |
|